 Dungeon Crawl Stone Soup version 0.27.0-1-g7a089689b8 (webtiles) character file.

Game seed: 9829346884190601910

4 SnakkuSnakku7 the Firebug (level 1, -2/18 HPs)
             Began as a Troll Fire Elementalist on Aug 9, 2021.
             Slain by a gnoll (10 damage)
             ... on level 1 of the Dungeon.
             The game lasted 00:00:19 (331 turns).

SnakkuSnakku7 the Firebug (Troll Fire Elementalist)  Turns: 331, Time: 00:00:19

Health: -2/18      AC:  4    Str: 15    XL:     1   Next: 58%
Magic:  1/1        EV:  9    Int: 11    God:
Gold:   9          SH:  0    Dex: 10    Spells: 1/2 levels left

rFire    . . .     SeeInvis .   (no weapon)
rCold    . . .     Faith    .   (no shield)
rNeg     . . .     Spirit   .   a - +0 robe
rPois    .         Reflect  .   (helmet restricted)
rElec    .         Harm     .   (no cloak)
rCorr    .         Rampage  .   (gloves unavailable)
Will     .....                  (boots unavailable)
Stlth    +.........             (no amulet)
HPRegen  1.06/turn              (no ring)
MPRegen  0.07/turn              (no ring)

@: no status effects
A: large, unfitting armour, claws 3, regeneration 1, shaggy fur 1, tough skin 1
a: no special abilities


You were on level 1 of the Dungeon.
You visited 1 branch of the dungeon, and saw 1 of its levels.

You collected 9 gold pieces.

Inventory:

Armour
 a - a +0 robe (worn)
Scrolls
 b - a scroll of fear {unknown}
 c - a scroll of identify {unknown}
 d - a scroll of acquirement {unknown}


   Skills:
 + Level 0.5 Fighting
 - Level 1.5 Dodging
 - Level 1.0 Stealth
 + Level 0.7 Unarmed Combat
 - Level 1.2 Spellcasting
 - Level 0.6 Conjurations
 - Level 2.1 Fire Magic


You had one spell level left.
You knew the following spells:

 Your Spells              Type           Power      Damage    Failure   Level
a - Foxfire               Conj/Fire      12%        2x1d4     19%         1

Your spell library contained the following spells:

 Spells                   Type           Power      Damage    Failure   Level
 Conjure Flame            Conj/Fire      3%         6-21      47%         3
 Inner Flame              Hex/Fire       3%         N/A       52%         3
 Sticky Flame             Conj/Fire      3%         2d3       87%         4
 Fireball                 Conj/Fire      1%         3d3       99%         5


Dungeon Overview and Level Annotations

Branches:
Dungeon (1/15)

Altars:


Innate Abilities, Weirdness & Mutations

You are too large for most types of armour.
You have claws for hands.
Your natural rate of healing is unusually fast.
You are covered in fur. (AC +1)
You have tough skin. (AC +1)


Message History

b - a scroll labelled RACLUU GOAXAI You open the door.
A goblin comes into view. It is wielding a +0 dagger.
There is an open door here.
A goblin is nearby!
A goblin is nearby!
The goblin shouts!
Found a scroll labelled LEYGRA US EPOQY.
The goblin barely misses you.
You scratch the goblin.
You kill the goblin!
A quokka comes into view.
You claw the quokka!
You kill the quokka!
You see here a quokka corpse.
c - a scroll labelled LEYGRA US EPOQY You see here a quokka corpse.
Things that are here:
a +0 dagger; a goblin corpse You now have 9 gold pieces.
Found a stone staircase leading down.
Found a stone staircase leading down.
d - a scroll labelled MUITES OSKEVAY You open the door.
A kobold comes into view. It is wielding a +0 short sword.
The kobold shouts!
A gnoll comes into view. It is wielding a +0 flail.
Found a whip.
There are monsters nearby!
The gnoll shouts!
The kobold throws a stone.
The stone hits you but does no damage.
There is an open door here.
The kobold throws a stone.
The stone closely misses you. The gnoll hits you with a +0 flail!
Ouch! That really hurt!
You are too injured to fight recklessly!
The kobold hits you with a +0 short sword.
The gnoll hits you with a +0 flail!
Ouch! That really hurt!
You die...

##.########
##..........
#.....######
##...##
##.##
.#######.#
.........#
########'##
##.@.##
##.Kg..##
#......)#
#.........#
+.........+
#.........#
##.......##
##.....##
##...##


You could see a gnoll and a kobold.

Vanquished Creatures
  A goblin (D:1)
  A hobgoblin (D:1)
  A quokka (D:1)
  A bat (D:1)
4 creatures vanquished.

Notes
Turn   | Place    | Note
-------+----------+-------------------------------------------
     0 | D:1      | SnakkuSnakku7 the Troll Fire Elementalist began the quest
                  | for the Orb.
     0 | D:1      | Reached XP level 1. HP: 16/16 MP: 1/1
   331 | D:1      | Slain by a gnoll

Illustrated notes

Levels and vault maps discovered:
D:1:      wander_arrival_chamber, layout_loops_corners,
          shapermc_ecumenical_altar_pompeii

Action                   || total
-------------------------++-------
Melee: Unarmed           ||     4
 Stab: Sleeping          ||     1
Armor: Robe              ||     1
Dodge: Dodged            ||     2
